 Dungeon Crawl Stone Soup version 0.19.5 (webtiles) character file.

92754 Plasmo the Fighter (level 15, -38/128 HPs)
             Began as a Yellow Draconian Fire Elementalist on May 21, 2017.
             Was a High Priest of Vehumet.
             Killed from afar by a frost giant (44 damage)
             ... with a bolt of cold
             ... on level 15 of the Dungeon on May 22, 2017.
             The game lasted 03:08:31 (31054 turns).

Plasmo the Fighter (DrFE)                          Turns: 31054, Time: 03:08:32

Health: -38/128    AC: 16    Str: 18    XL:     15   Next: 58%
Magic:  16/28      EV: 18    Int: 24    God:    Vehumet [*****.]
Gold:   1731       SH: 13    Dex: 17    Spells: 7 memorised, 10 levels left

rFire  + . .     SeeInvis .     O - +1 morningstar "Doit" {elec, *Rage rElec MR+ Str+6}
rCold  . . .     Gourm    .     (armour unavailable)
rNeg   . . .     Faith    .     o - +1 shield
rPois  .         Spirit   .     (helmet restricted)
rElec  +         Reflect  .     n - +1 cloak
rCorr  +         Harm     .     A - +2 pair of gloves {Dex+3}
MR     ++...     Rnd*Rage +     F - +1 pair of boots {run}
Stlth  ++........               l - amulet of magic regeneration
                                P - +4 ring of intelligence
                                U - ring of the Duke {rF+ Dex+2}

@: slowed, very slow
A: spit acid, acid resistance, unfitting armour, stinger 1, acidic bite,
cold-blooded, AC +9
a: Spit Acid, Renounce Religion


You were on level 15 of the Dungeon.
You worshipped Vehumet.
Vehumet was extremely pleased with you.
You were not hungry.

You visited 4 branches of the dungeon, and saw 24 of its levels.
You also visited: Labyrinth.

You collected 1731 gold pieces.

Inventory:

Hand Weapons
 h - a +1 whip of freezing
 O - the +1 morningstar "Doit" (weapon) {elec, *Rage rElec MR+ Str+6}
   (You acquired it in a labyrinth)

   Occasionally, upon striking a foe, it will discharge some electrical energy
   and cause terrible harm.
   It affects your strength (+6).
   It insulates you from electricity.
   It affects your resistance to hostile enchantments.
   It may make you go berserk in combat.
Missiles
 M - 6 javelins (quivered)
Armour
 n - a +1 cloak (worn)
 o - a +1 shield (worn)
 A - a +2 pair of gloves of dexterity (worn)
 F - a +1 pair of boots of running (worn)
Rods
 i - a +0 rod of shadows (14/14)
   (You found it on level 6 of the Lair of Beasts)
 T - a +4 lightning rod (9/9)
   (You found it in a labyrinth)
Jewellery
 c - an uncursed ring of protection from fire
 d - a +2 amulet of reflection
 l - an amulet of magic regeneration (around neck)
 p - a +2 ring of strength
 L - an uncursed ring of positive energy
 P - a +4 ring of intelligence (right hand)
 U - the ring of the Duke (left hand) {rF+ Dex+2}
   (You found it in a labyrinth)

   [ring of dexterity]

   It affects your dexterity (+2).
   It protects you from fire.
 X - an uncursed ring of stealth
Wands
 f - a wand of iceblast (10/15)
 g - a wand of paralysis (13/24)
 j - a wand of iceblast (6/15)
 I - a wand of digging (11/24)
 K - a wand of paralysis (16/24)
 Q - a wand of confusion (28/48)
 R - a wand of confusion (21/48)
 W - a wand of digging (10/24)
Scrolls
 k - 5 scrolls of amnesia
 m - 6 scrolls of enchant weapon
 r - a scroll of magic mapping
 t - 8 scrolls of teleportation
 u - a scroll of silence {unknown}
 w - 8 scrolls of remove curse
 x - a scroll of brand weapon
 C - 2 scrolls of recharging
 E - 3 scrolls of fear
 H - 11 scrolls of identify
 Y - a scroll of blinking
Potions
 e - 2 potions of haste
 q - 6 potions of curing
 s - 6 potions of flight
 B - a potion of ambrosia
 G - a potion of invisibility
Books
 a - a book of Battle

   Spells                             Type                      Level
   a - Infusion                       Charms                       1
   b - Shroud of Golubria             Charms/Translocation         2
   c - Song of Slaying                Charms                       2
   d - Spectral Weapon                Hexes/Charms                 3
   e - Regeneration                   Charms/Necromancy            3
 v - the Disquisition on Lethal Intoxication
   (You found it on level 6 of the Dungeon)

   Spells                             Type                      Level
   a - Animate Skeleton               Necromancy                   1
   b - Mephitic Cloud                 Conjuration/Poison/Air       3
   c - Spider Form                    Transmutation/Poison         3
 y - a book of Fire

   Spells                             Type                      Level
   a - Ignite Poison                  Fire/Transmutation/Poison    3
   b - Fireball                       Conjuration/Fire             5
   c - Bolt of Fire                   Conjuration/Fire             6
   d - Delayed Fireball               Conjuration/Fire             7
   e - Ring of Flames                 Charms/Fire                  7
 z - a book of Necromancy

   Spells                             Type                      Level
   a - Pain                           Necromancy                   1
   b - Animate Skeleton               Necromancy                   1
   c - Vampiric Draining              Necromancy                   3
   d - Regeneration                   Charms/Necromancy            3
   e - Animate Dead                   Necromancy                   4
   f - Control Undead                 Necromancy                   4
 D - a book of Power

   Spells                             Type                      Level
   a - Fulminant Prism                Conjuration/Hexes            4
   b - Iskenderun's Mystic Blast      Conjuration                  4
   c - Venom Bolt                     Conjuration/Poison           5
   d - Bolt of Magma                  Conjuration/Fire/Earth       5
   e - Iron Shot                      Conjuration/Earth            6
   f - Orb of Destruction             Conjuration                  7
   g - Spellforged Servitor           Conjuration/Summoning        7
 N - a book of the Sky

   Spells                             Type                      Level
   a - Summon Lightning Spire         Summoning/Air                4
   b - Airstrike                      Air                          4
   c - Silence                        Hexes/Air                    5
   d - Deflect Missiles               Charms/Air                   6
   e - Conjure Ball Lightning         Conjuration/Air              6
   f - Tornado                        Air                          9
 V - the Reference Book on Scorching Clay
   (You found it in a labyrinth)

   Spells                             Type                      Level
   a - Flame Tongue                   Conjuration/Fire             1
   b - Throw Flame                    Conjuration/Fire             2
   c - Stone Arrow                    Conjuration/Earth            3
   d - Ignite Poison                  Fire/Transmutation/Poison    3
   e - Petrify                        Transmutation/Earth          4
   f - Lee's Rapid Deconstruction     Earth                        5
 Z - a book of the Tempests

   Spells                             Type                      Level
   a - Static Discharge               Conjuration/Air              3
   b - Lightning Bolt                 Conjuration/Air              5
   c - Fireball                       Conjuration/Fire             5
   d - Tornado                        Air                          9
   e - Shatter                        Earth                        9
Comestibles
 b - 7 bread rations
 J - 2 chunks of flesh


   Skills:
 * Level 10.9 Fighting
 * Level 9.4 Maces & Flails
 - Level 1.8 Throwing
 * Level 9.3 Dodging
 - Level 2.7 Stealth
 * Level 9.4 Shields
 + Level 6.8 Unarmed Combat
 * Level 9.4 Spellcasting
 * Level 9.8 Conjurations
 * Level 10.3 Fire Magic
 - Level 6.2 Air Magic
 * Level 6.2 Earth Magic
 + Level 5.6 Evocations


You had 10 spell levels left.
You knew the following spells:

 Your Spells              Type           Power        Failure   Level  Hunger
a - Flame Tongue          Conj/Fire      #####        1%          1    None
b - Throw Flame           Conj/Fire      ######       1%          2    None
c - Conjure Flame         Conj/Fire      ######..     1%          3    None
d - Sticky Flame          Conj/Fire      ######..     1%          4    ##.....
e - Mephitic Cloud        Conj/Pois/Air  #####...     1%          3    None
f - Iskenderun's Mystic   Conj           ######..     1%          4    ##.....
g - Bolt of Magma         Conj/Fire/Erth ######....   2%          5    ####...


Dungeon Overview and Level Annotations

Branches:
Dungeon (15/15)            Temple (1/1) D:6            Lair (6/6) D:11
  Swamp (0/4) Lair:3        Snake (0/4) Lair:4        Slime (0/5) Lair:5
    Orc (2/2) D:10         Vaults (0/5) D:14         Depths (0/5) D:15
    Elf: Orc:2

Altars:
Ashenzari
Cheibriados
Dithmenos
Elyvilon
Fedhas
Gozag
Hepliaklqana
Kikubaaqudgha
Makhleb
Nemelex Xobeh
Okawaru
Qazlal
Ru
Sif Muna
Trog
Uskayaw
Vehumet
Xom
Yredelemnul
Zin
The Shining One
Jiyva

Shops:
D:6 (%:   D:9 *   D:15 (   Orc:1 }

Annotations:
D:4 siprus's ghost, amateur DsAK
D:5 exclusion: 2 doors
D:9 DasRunzen's ghost, novice MiGl
Orc:1 Saint Roka


Innate Abilities, Weirdness & Mutations

You can spit globs of acid.
You are resistant to acid.
Your golden yellow scales are hard. (AC +9)
You cannot fit into any form of body armour.
You have acidic saliva.
You are cold-blooded and may be slowed by cold attacks.
Your tail ends in a poisonous barb.


Message History

The frost giant hits you with a battleaxe of freezing!!
You feel as though you will be slow longer.
The frost giant freezes you!
You feel better.
The frost giant burns!
The frost giant points at you and mumbles some strange words.
The bolt of cold misses you.
The frost giant points at you and mumbles some strange words.
The bolt of cold hits you!
* * * LOW HITPOINT WARNING * * *
Casting: Sticky Flame
Confirm with . or Enter, or press ? or * to list all spells.
Aiming: Bolt of Magma
Press: ? - help, Shift-Dir - straight line, f/p - frost giant
Aim: a frost giant, wielding a battleaxe of freezing (heavily wounded, covered in liquid flames)
The bolt of magma hits the frost giant.
The frost giant is severely wounded.
The frost giant burns! x2
The frost giant casts a spell at you. The bolt of cold hits you!
You die...

.................................
.................##############.#
..############...# #.#
..############...##############.#
.................................
.................................
..############################...
..#####≈≈......).#############...
......#≈.#≈≈≈###@#...............
......#......#..C#...............
..###.'.##≈..#.>.#...............
..#####......#...#.............P.
......#≈.#≈≈≈###+#...............
..#####≈≈...... ###............P
..# ########## #.............
..##################.............
.................................


You could see a frost giant (burning).

Vanquished Creatures
  Rupert (Lair:6)
  Kirke (Lair:4)
  An orc warlord (Orc:1)
  The ghost of humperndinck the Severer, a journeyman HOAK of Lugonu (D:12)
  A minotaur (Lab)
  Snorg (D:10)
  Josephine (D:13)
  2 vault guards (D:14)
  8 hydras
  The ghost of nixorn the Cruncher, a journeyman DsCK of Xom (D:11)
  The ghost of Sanvar the Quickloader, a journeyman HuHu of Hepliaklqana (Lair:1)
  4 centaur warriors
  An ogre mage (D:15)
  6 death yaks (Lair:6)
  An orc high priest (D:10)
  Urug (Lair:5)
  3 unseen horrors (D:14)
  4 hill giants
  3 wizards (D:14)
  4 orc knights
  11 ugly things
  A necromancer (D:14)
  3 cyclopes
  2 manticores
  A deep elf mage (D:12)
  4 elephants
  A centaur zombie (D:15)
  4 black mambas
  A guardian serpent (D:14)
  8 spiny frogs
  3 gargoyles
  12 komodo dragons
  A kobold demonologist (D:14)
  A yaktaur (D:15)
  A rime drake (Lair:5)
  An efreet (D:15)
  A queen bee (D:10)
  4 trolls
  A wolf spider simulacrum (D:14)
  Prince Ribbit (Lair:1)
  5 polar bears (Lair:6)
  12 blink frogs
  3 hornets (Lair:6)
  5 two-headed ogres
  6 hippogriffs
  16 slime creatures
  A water elemental (D:15)
  2 shadows
  7 wraiths
  47 yaks
  21 spriggans
  2 wyverns (Lair:1)
  A human (shapeshifter) (D:15)
  A hog (Lair:4)
  19 humans (D:14)
  4 hungry ghosts
  Grum (Lair:1)
  12 basilisks
  A hog (shapeshifter) (D:13)
  2 steam dragons (D:10)
  3 wargs
  3 nagas (Lair:4)
  11 water moccasins
  A hornet zombie (D:10)
  25 orc warriors
  6 porcupines
  5 ice beasts
  3 black bears
  A phantom (D:14)
  2 sky beasts
  13 ogres
  2 necrophages (D:10)
  20 wolves
  3 boggarts (Lair:6)
  18 centaurs
  10 crocodiles
  3 big kobolds
  15 bullfrogs
  An earth elemental (Lab)
  A wyvern zombie (D:9)
  23 killer bees (D:10)
  12 wights
  5 howler monkeys
  5 crimson imps
  5 bullfrog zombies
  3 jellies
  Crazy Yiuf (D:6)
  9 hounds
  18 orc priests
  5 bullfrog skeletons
  4 centaur skeletons
  20 orc wizards
  6 iguanas
  13 worker ants
  A killer bee zombie (D:5)
  A hound zombie (D:8)
  2 hound skeletons
  A mummy (D:10)
  2 worker ant zombies (D:10)
  4 gnolls (D:7)
  12 adders
  3 shadow imps (D:15)
  7 oozes
  An adder zombie (D:5)
  An adder skeleton (D:7)
  4 worms
  2 dart slugs
  2 leopard geckos
  52 orcs
  8 ball pythons
  4 giant cockroaches
  13 goblins
  8 hobgoblins
  7 jackals
  19 kobolds
  A quokka (D:2)
  7 bats
  6 frilled lizards
  A leopard gecko skeleton (D:4)
  A leopard gecko zombie (D:9)
  A quokka skeleton (D:9)
  A quokka zombie (D:10)
  5 rats
  A fungus (Lair:4)
729 creatures vanquished.

Vanquished Creatures (collateral kills)
  A hornet (Lair:6)
  A wolf (Lair:6)
2 creatures vanquished.

Vanquished Creatures (others)
  A centaur (D:11)
  A bullfrog (Lair:4)
  3 fungi
  3 plants
8 creatures vanquished.

Grand Total: 739 creatures vanquished

Notes
Turn   | Place    | Note
-------+----------+-------------------------------------------
     0 | D:1      | Plasmo the Draconian Fire Elementalist began the quest for the Orb.
     0 | D:1      | Reached XP level 1. HP: 14/14 MP: 3/3
   173 | D:1      | Reached XP level 2. HP: 20/20 MP: 1/5
   220 | D:1      | Learned a level 2 spell: Throw Flame
   676 | D:1      | You fall through a shaft!
   882 | D:1      | Reached XP level 3. HP: 26/27 MP: 6/6
  1639 | D:2      | Found a bloodstained altar of Trog.
  1910 | D:2      | You fall through a shaft!
  2000 | D:2      | Found a burning altar of Makhleb.
  2093 | D:2      | Reached XP level 4. HP: 27/34 MP: 3/7
  2462 | D:2      | Learned a level 3 spell: Conjure Flame
  2572 | D:3      | Reached skill level 1 in Fighting
  2792 | D:3      | Found a blossoming altar of Fedhas.
  2957 | D:3      | Reached skill level 1 in Unarmed Combat
  3095 | D:3      | Reached XP level 5. HP: 39/40 MP: 8/8
  3302 | D:4      | Reached skill level 1 in Shields
  3577 | D:4      | Reached skill level 1 in Maces & Flails
  3591 | D:4      | Noticed siprus's ghost (amateur DsAK)
  3750 | D:4      | Noticed an ogre
  3767 | D:4      | Killed an ogre
  3767 | D:4      | Reached skill level 1 in Throwing
  3767 | D:4      | Reached XP level 6. HP: 25/48 MP: 2/10
  3914 | D:4      | Learned a level 4 spell: Sticky Flame
  4084 | D:5      | Entered Level 5 of the Dungeon
  4429 | D:5      | Found a shadowy altar of Dithmenos.
  4775 | D:4      | Your scales start taking on a golden yellow colour.
  4775 | D:4      | Reached XP level 7. HP: 55/55 MP: 7/11
  5951 | D:5      | Noticed a hill giant
  5959 | D:5      | Killed a hill giant
  5959 | D:5      | Reached XP level 8. HP: 39/63 MP: 1/13
  6312 | D:5      | Found a hazy altar of Hepliaklqana.
  6316 | D:5      | Found a stormy altar of Qazlal.
  6321 | D:5      | Found a burning altar of Makhleb.
  6339 | D:5      | Found a shattered altar of Ashenzari.
  6484 | D:6      | Found a sacrificial altar of Ru.
  6522 | D:6      | Reached skill level 5 in Fire Magic
  6525 | D:6      | Identified the Disquisition on Lethal Intoxication
  6531 | D:6      | Learned a level 3 spell: Mephitic Cloud
  6574 | D:6      | Found a staircase to the Ecumenical Temple.
  6585 | Temple   | Entered the Ecumenical Temple
  6626 | Temple   | Became a worshipper of Vehumet
  6779 | D:6      | Found a basalt altar of Yredelemnul.
  6824 | D:6      | Found Ceulost's Weapon Emporium.
  6909 | D:6      | Found Giquteif's Food Shoppe.
  7012 | D:6      | Found a runed door.
  7016 | D:6      | Noticed Crazy Yiuf
  7022 | D:6      | Killed Crazy Yiuf
  7112 | D:6      | Found Ynwi's Book Emporium.
  7244 | D:7      | Reached skill level 1 in Air Magic
  7267 | D:7      | Reached skill level 1 in Evocations
  7513 | D:7      | Reached XP level 9. HP: 19/71 MP: 10/15
  7985 | D:7      | Found an iron altar of Okawaru.
  8103 | D:7      | Reached * piety under Vehumet
  8103 | D:7      | Offered knowledge of Sting by Vehumet.
  8665 | D:8      | Reached skill level 5 in Fighting
  8891 | D:8      | Reached skill level 5 in Dodging
  9258 | D:8      | Reached ** piety under Vehumet
  9425 | D:8      | Offered knowledge of Shock by Vehumet.
  9760 | D:9      | Reached XP level 10. HP: 81/81 MP: 15/17
  9776 | D:9      | Found a deep blue altar of Sif Muna.
  9945 | D:9      | Found Ynan's Assorted Antiques.
 10284 | D:9      | Noticed DasRunzen's ghost (novice MiGl)
 10711 | D:9      | Found an opulent altar of Gozag.
 10774 | D:9      | Reached skill level 5 in Conjurations
 10777 | D:9      | Reached skill level 5 in Spellcasting
 10942 | D:10     | Entered Level 10 of the Dungeon
 11249 | D:10     | Offered knowledge of Stone Arrow by Vehumet.
 11301 | D:10     | Found a staircase to the Orcish Mines.
 11379 | D:10     | Reached skill level 5 in Maces & Flails
 11467 | D:10     | Reached *** piety under Vehumet
 11759 | D:10     | Noticed Snorg
 11772 | D:10     | Killed Snorg
 11772 | D:10     | Reached skill level 5 in Shields
 12129 | D:10     | Offered knowledge of Ignite Poison by Vehumet.
 12169 | D:10     | Reached XP level 11. HP: 38/91 MP: 13/19
 13189 | D:10     | Identified a scroll of acquirement
 13231 | D:11     | Learned a level 4 spell: Iskenderun's Mystic Blast
 13355 | D:11     | Found a staircase to the Lair.
 13399 | D:11     | Noticed nixorn's ghost (journeyman DsCK)
 13424 | D:11     | Killed nixorn's ghost
 13682 | D:11     | Reached **** piety under Vehumet
 14128 | D:11     | Offered knowledge of Airstrike by Vehumet.
 14231 | D:11     | Reached skill level 5 in Air Magic
 14481 | Lair:1   | Entered Level 1 of the Lair of Beasts
 14864 | Lair:1   | Noticed a six-headed hydra
 14871 | Lair:1   | Killed a six-headed hydra
 15114 | Lair:1   | Reached ***** piety under Vehumet
 15121 | Lair:1   | Offered knowledge of Ozocubu's Refrigeration by Vehumet.
 15121 | Lair:1   | Reached XP level 12. HP: 100/100 MP: 21/21
 15230 | Lair:1   | Noticed Prince Ribbit
 15241 | Lair:1   | Killed Prince Ribbit
 15274 | Lair:1   | Noticed Sanvar's ghost (journeyman HuHu)
 15390 | Lair:1   | Killed Sanvar's ghost
 15780 | Lair:1   | Noticed Grum
 15813 | Lair:1   | Killed Grum
 17317 | Lair:3   | Learned a level 5 spell: Bolt of Magma
 17461 | Lair:3   | Noticed a six-headed hydra
 17469 | Lair:3   | Killed a six-headed hydra
 17469 | Lair:3   | Reached skill level 1 in Earth Magic
 17745 | Lair:3   | Found a staircase to the Swamp.
 18060 | Lair:4   | Identified a +1 pair of boots of running (You found it on level 4 of the Lair of Beasts)
 18084 | Lair:4   | Found a labyrinth entrance.
 18105 | Lab      | Entered a labyrinth
 18522 | Lab      | Got a twisted morningstar
 18523 | Lab      | Identified the +1 morningstar "Doit" {elec, *Rage rElec MR+ Str+6} (You acquired it in a labyrinth)
 18622 | Lab      | Noticed a minotaur
 18630 | Lab      | Killed a minotaur
 18630 | Lab      | Reached skill level 5 in Unarmed Combat
 18649 | Lab      | Identified the Reference Book on Scorching Clay
 18650 | Lab      | Got a warped platinum ring
 18653 | Lab      | Identified the ring of the Duke {rF+ Dex+2} (You found it in a labyrinth)
 18694 | Lair:4   | Reached XP level 13. HP: 105/108 MP: 23/23
 18903 | Lair:4   | Noticed Kirke
 18907 | Lair:4   | Killed Kirke
 18981 | Lair:4   | You fall through a shaft for 2 floors!
 18981 | Lair:6   | Entered Level 6 of the Lair of Beasts
 19977 | Lair:5   | Noticed Urug
 19995 | Lair:5   | Killed Urug
 20302 | Lair:4   | Found a staircase to the Snake Pit.
 21229 | Lair:5   | Found a runed door.
 21230 | Lair:5   | Found a viscous altar of Jiyva.
 21232 | Lair:5   | Found a staircase to the Slime Pits.
 21643 | Lair:6   | Offered knowledge of Iskenderun's Battlesphere by Vehumet.
 21693 | Lair:6   | Paralysed by a hornet for 2 turns
 21846 | Lair:6   | Gained mutation: You have acidic saliva. [Yellow Draconian growth]
 21846 | Lair:6   | Reached XP level 14. HP: 102/118 MP: 23/26
 21867 | Lair:6   | Gained mutation: Your tail ends in a poisonous barb. [potion of beneficial mutation]
 22020 | Lair:6   | Noticed Rupert
 22034 | Lair:6   | Killed Rupert
 22034 | Lair:6   | Reached skill level 5 in Evocations
 22369 | Lair:6   | Identified a +0 rod of shadows (14/14) (You found it on level 6 of the Lair of Beasts)
 22493 | Orc:1    | Entered Level 1 of the Orcish Mines
 23301 | Orc:1    | Noticed an orc warlord
 23572 | D:12     | Noticed humperndinck's ghost (journeyman HOAK)
 23614 | D:12     | Killed humperndinck's ghost
 24027 | D:12     | Reached skill level 10 in Fighting
 24855 | D:13     | Noticed Josephine
 24876 | D:13     | Killed Josephine
 24894 | D:13     | Offered knowledge of Yara's Violent Unravelling by Vehumet.
 25690 | D:13     | Reached skill level 5 in Earth Magic
 25703 | D:13     | Found a stormy altar of Qazlal.
 26145 | Orc:1    | Killed an orc warlord
 27150 | Orc:1    | Found Coap's Gadget Emporium.
 27239 | Orc:2    | Entered Level 2 of the Orcish Mines
 27241 | Orc:2    | Noticed Saint Roka
 27658 | D:14     | Found a shimmering altar of Xom.
 28773 | D:14     | Reached XP level 15. HP: 128/128 MP: 28/28
 29074 | D:14     | Offered knowledge of Poisonous Cloud by Vehumet.
 29111 | D:14     | Reached skill level 10 in Fire Magic
 29408 | D:14     | Found a gate to the Vaults.
 29846 | D:15     | Entered Level 15 of the Dungeon
 30979 | D:15     | Found Higoitru's Antique Weapon Shop.
 31050 | D:15     | Found a staircase to the Depths.
 31050 | D:15     | Noticed a frost giant
 31053 | D:15     | HP: 5/128 [frost giant/bolt of cold (46)]
 31054 | D:15     | Killed from afar by a frost giant

Skill      XL: |  1  2  3  4  5  6  7  8  9 10 11 12 13 14 15 |
---------------+----------------------------------------------+-----
Dodging        | 2 3 4 5 6 7 8 9 |  9.3
Fighting       | 1 2 3 4 5 6 7 8 9 10 | 10.9
Unarmed Combat | 1 2 3 4 5 6 |  6.8
Stealth        | 2 |  2.7
Shields        | 1 2 3 4 5 6 7 8 9 |  9.4
Conjurations   | 2 3 4 5 6 7 8 9 |  9.8
Maces & Flails | 1 3 4 5 6 7 8 9 |  9.4
Throwing       | 1 |  1.8
Spellcasting   | 3 4 5 6 7 8 9 |  9.4
Fire Magic     | 4 5 6 7 8 9 10 | 10.3
Air Magic      | 1 3 4 5 6 |  6.2
Evocations     | 1 2 3 4 5 |  5.6
Earth Magic    | 2 4 5 6 |  6.2

Action                   |  1- 3 |  4- 6 |  7- 9 | 10-12 | 13-15 || total
-------------------------+-------+-------+-------+-------+-------++-------
Melee: Unarmed           |    11 |       |       |       |       ||    11
       Whip              |    65 |    61 |   178 |   436 |       ||   740
       Tailslap          |     7 |     9 |    37 |    82 |   157 ||   292
       Punch             |       |     1 |     2 |     1 |       ||     4
       Morningstar       |       |       |       |     7 |   832 ||   839
       Bite              |       |       |       |       |    85 ||    85
Throw: Tomahawk          |       |     4 |    11 |       |       ||    15
       Javelin           |       |       |       |       |     3 ||     3
 Cast: Flame Tongue      |    62 |    99 |   218 |   292 |    28 ||   699
       Conjure Flame     |       |     3 |    20 |    43 |    39 ||   105
       Sticky Flame      |       |       |     4 |    84 |    91 ||   179
       Throw Flame       |       |       |     1 |    16 |       ||    17
       Mephitic Cloud    |       |       |     2 |     6 |    22 ||    30
       Iskenderun's Myst |       |       |       |    15 |    15 ||    30
       Bolt of Magma     |       |       |       |       |    84 ||    84
 Abil: Spit Acid         |       |       |    32 |    51 |    40 ||   123
  Use: Scroll            |     7 |     7 |     7 |    13 |     3 ||    37
       Potion            |       |     1 |     1 |     3 |    11 ||    16
 Stab: Sleeping          |     1 |     2 |     1 |     2 |     5 ||    11
       Confused          |       |       |     1 |     1 |     4 ||     6
       Invisible         |       |       |       |     2 |     4 ||     6
  Eat: Chunk             |     3 |     8 |    12 |    25 |    42 ||    90
       Pizza             |     1 |     1 |       |       |     1 ||     3
       Royal jelly       |       |       |     1 |     6 |     1 ||     8
       Bread ration      |       |       |     1 |       |     1 ||     2
       Meat ration       |       |       |     1 |     2 |     4 ||     7
       Fruit             |       |       |       |     7 |       ||     7
       Beef jerky        |       |       |       |     1 |     1 ||     2
Armor: Skin              |    33 |    34 |    61 |   126 |   230 ||   484
Dodge: Dodged            |    51 |    82 |   160 |   301 |   496 ||  1090
Block: Other             |     7 |     3 |       |       |       ||    10
       Reflection        |     1 |       |       |       |       ||     1
       Shield            |       |       |       |   173 |   601 ||   774
